 Dungeon Crawl Stone Soup version 0.20.1-1-g8b1a95d (webtiles) character file.

6602 Zedayar the Grappler (level 10, 0/105 HPs)
             Began as a Troll Berserker on Sept 7, 2017.
             Was a High Priest of Trog.
             Slain by a quokka (1 damage)
             ... summoned by vatarom's ghost
             ... on level 9 of the Dungeon.
             The game lasted 00:13:29 (6332 turns).

Zedayar the Grappler (Troll Berserker)              Turns: 6332, Time: 00:13:30

Health: 0/105      AC:  7    Str: 33 (34) XL:     10   Next: 71%
Magic:  9/9        EV:  9    Int:  1 (3)  God:    Trog [*****.]
Gold:   517        SH: 10    Dex:  6 (9)  Spells: 9/9 levels left

rFire    + . .     SeeInvis .     - Unarmed
rCold    . . .     Gourm    +   A - +0 shield
rNeg     . . .     Faith    .   h - +2 robe {rF+}
rPois    .         Spirit   .   (helmet restricted)
rElec    .         Reflect  .   (no cloak)
rCorr    .         Harm     .   (gloves unavailable)
MR       .....     Clarity  +   (boots unavailable)
Stlth    ..........             y - amulet of magic regeneration
Regen    0.7/turn               i - ring of flight
MPRegen  0.2/turn               B - ring "Piseta" {Str+4 Stlth-}

@: berserk cooldown, fainting, slowed, very slow
A: unfitting armour, claws 3, clarity, fast metabolism 3, gourmand, regeneration
1, robust 1, screaming 1, shaggy fur 1, tough skin 2
a: Berserk, Trog's Hand, Brothers in Arms, Burn Spellbooks, Renounce Religion,
Evoke Flight


You were on level 9 of the Dungeon.
You worshipped Trog.
Trog was extremely pleased with you.
You were fainting.

You visited 1 branch of the dungeon, and saw 9 of its levels.

You collected 517 gold pieces.

Inventory:

Armour
 h - a +2 robe of fire resistance (worn)
 A - a +0 shield (worn)
Jewellery
 i - a ring of flight (left claw)
 y - an amulet of magic regeneration (around neck)
 B - the ring "Piseta" (right claw) {Str+4 Stlth-}
   (You found it on level 5 of the Dungeon)

   [ring of loudness]

   It affects your strength (+4).
   It makes you less stealthy.
Wands
 x - a wand of iceblast (9/15)
 G - a wand of polymorph (13/24)
 J - a wand of digging (6/24)
 K - a wand of lightning (4/15)
Scrolls
 c - 2 scrolls of fog
 d - 6 scrolls of teleportation
 f - 3 scrolls of identify
 g - a scroll of magic mapping
 p - 2 scrolls of immolation
 q - 4 scrolls of remove curse
 r - a scroll of noise {unknown}
 s - 2 scrolls of blinking
 w - 2 scrolls of enchant weapon
 z - a scroll of recharging
 D - 2 scrolls of summoning
 I - 2 scrolls of random uselessness {unknown}
 L - a scroll of enchant armour {unknown}
Potions
 e - 2 potions of agility
 k - a potion of invisibility
 n - 2 potions of brilliance
 o - 6 potions of curing
 u - a potion of flight
 E - 3 potions of might
Books
 H - a book of Minor Magic

   Spells                             Type                      Level
   a - Magic Dart                     Conjuration                  1
   b - Blink                          Translocation                2
   c - Call Imp                       Summoning                    2
   d - Slow                           Hexes                        2
   e - Conjure Flame                  Conjuration/Fire             3
   f - Mephitic Cloud                 Conjuration/Poison/Air       3
   Trog disapproves of the use of such an item.
Comestibles
 a - 4 fruits
 b - 11 bread rations
 C - 3 meat rations
 F - 3 royal jellies


   Skills:
 + Level 5.1 Fighting
 - Level 3.0 Dodging
 * Level 6.0 Shields
 + Level 13.3 Unarmed Combat


You had 9 spell levels left.
You didn't know any spells.

Dungeon Overview and Level Annotations

Branches:
Dungeon (9/15)             Temple (0/1) D:7
   Lair: D:8-11         Orc: D:9-12

Altars:
Ashenzari
Elyvilon
Fedhas
Makhleb
Nemelex Xobeh
Okawaru
Uskayaw
Yredelemnul

Shops:
D:5 (   D:7 }   D:8 (

Annotations:
D:9 vatarom's ghost, novice DrSu


Innate Abilities, Weirdness & Mutations

You are too large for most types of armour.
You have claws for hands.
Your metabolism is lightning-fast.
You like to eat raw meat.
Your natural rate of healing is unusually fast.
You are covered in fur. (AC +1)
You have very tough skin. (AC +2)
You possess an exceptional clarity of mind.
You are robust. (+10% HP)
You occasionally shout uncontrollably at your foes.


Message History

The ice beast hits you.
* * * LOW HITPOINT WARNING * * *
The ice beast freezes you.
* * * LOW HITPOINT WARNING * * *
The ice beast barely misses you. Vatarom's ghost hits you.
* * * LOW HITPOINT WARNING * * *
The river rat bites you.
* * * LOW HITPOINT WARNING * * *
A wyvern skeleton comes into view.
You block the bat's attack.
The ice beast hits you but does no damage.
Vatarom's ghost completely misses you. The river rat barely misses you.
The ice beast hits you.
* * * LOW HITPOINT WARNING * * *
The ice beast freezes you!
* * * LOW HITPOINT WARNING * * *
The bat hits you but does no damage. x2; Vatarom's ghost hits you.
* * * LOW HITPOINT WARNING * * *
You block the river rat's attack. The quokka bites you.
You die...

........#..# ........#..#
......... ...######..#
#........ ...+.......#
#........
...##......#######........
..))#....%................
....'.....................
....#####.......br........
........#......)@YY.......
........#######r#WY.......
...............)'.........
................'.........
...........<..5.#.........
................#######...
................. ###
.........[.......
...#######.......


You could see 3 ice beasts, vatarom's ghost, a crimson imp, a river rat, a
quokka and a bat.

Vanquished Creatures
  4 two-headed ogres
  Pikel (D:8)
  2 hippogriffs (D:9)
  The ghost of Chisa the Conjurer, an amateur DrCj (D:3)
  3 orc warriors
  2 phantoms
  A slave (D:8)
  4 sky beasts
  A necrophage (D:8)
  4 ogres
  2 centaurs
  7 bullfrogs
  4 scorpions
  3 howler monkeys (D:8)
  2 bullfrog zombies
  4 hounds
  3 jellies
  An orc priest (D:5)
  A bullfrog skeleton (D:9)
  4 orc wizards
  A centaur skeleton (D:3)
  2 iguanas
  5 worker ants
  A hound skeleton (D:4)
  Robin (D:3)
  15 adders
  3 gnolls (D:4)
  A howler monkey skeleton (D:6)
  A river rat (D:4)
  An ooze (D:2)
  An adder zombie (D:5)
  4 worms
  4 dart slugs
  5 leopard geckos
  23 orcs
  4 giant cockroaches
  13 goblins
  9 hobgoblins
  2 jackals (D:5)
  7 quokkas
  A ball python (D:3)
  A ball python skeleton (D:4)
  9 bats
  6 frilled lizards
  A jackal skeleton (D:7)
  10 kobolds
  A quokka skeleton (D:7)
  10 rats
196 creatures vanquished.

Notes
Turn   | Place    | Note
-------+----------+-------------------------------------------
     0 | D:1      | Zedayar the Troll Berserker began the quest for the Orb.
     0 | D:1      | Reached XP level 1. HP: 22/22 MP: 0/0
   204 | D:1      | Reached XP level 2. HP: 28/29 MP: 1/1
   796 | D:2      | Reached XP level 3. HP: 32/36 MP: 2/2
   903 | D:2      | Reached ** piety under Trog
   943 | D:2      | Found a basalt altar of Yredelemnul.
   970 | D:2      | Found a sparkling altar of Nemelex Xobeh.
   980 | D:2      | Found a hide-covered altar of Uskayaw.
   985 | D:2      | Found a blossoming altar of Fedhas.
  1439 | D:3      | Noticed Robin
  1445 | D:3      | Reached XP level 4. HP: 38/45 MP: 3/3
  1452 | D:3      | Reached skill level 4 in Unarmed Combat
  1455 | D:3      | Killed Robin
  1532 | D:3      | Found a faded altar of an unknown god.
  1565 | D:3      | Found a white marble altar of Elyvilon.
  1810 | D:3      | Reached skill level 5 in Unarmed Combat
  1810 | D:3      | Reached XP level 5. HP: 48/53 MP: 4/4
  1882 | D:3      | Noticed Chisa's ghost (amateur DrCj)
  1893 | D:3      | Killed Chisa's ghost
  1893 | D:3      | Reached skill level 6 in Unarmed Combat
  1893 | D:3      | Reached XP level 6. HP: 38/61 MP: 5/5
  2201 | D:3      | Reached *** piety under Trog
  2274 | D:3      | Noticed a sky beast
  2279 | D:3      | Killed a sky beast
  2355 | D:3      | Reached skill level 7 in Unarmed Combat
  2654 | D:4      | Reached XP level 7. HP: 67/67 MP: 6/6
  2661 | D:4      | Found a burning altar of Makhleb.
  3017 | D:4      | Reached skill level 8 in Unarmed Combat
  3554 | D:5      | Entered Level 5 of the Dungeon
  3625 | D:5      | Found Xexuz's Weapon Emporium.
  3716 | D:5      | Got a twitching jade ring
  3779 | D:5      | Identified the ring "Piseta" {Str+4 Stlth-} (You found it on level 5 of the Dungeon)
  3788 | D:5      | Reached **** piety under Trog
  3788 | D:5      | Reached XP level 8. HP: 66/78 MP: 7/7
  3884 | D:5      | Reached skill level 9 in Unarmed Combat
  4125 | D:6      | Reached skill level 1 in Shields
  4606 | D:6      | Reached skill level 10 in Unarmed Combat
  5032 | D:7      | Reached XP level 9. HP: 67/85 MP: 8/8
  5126 | D:7      | Found a staircase to the Ecumenical Temple.
  5160 | D:7      | Found Vevafeshraurr's Gadget Boutique.
  5242 | D:7      | Found an iron altar of Okawaru.
  5311 | D:8      | Found Bocaumpo's Antique Weapon Shoppe.
  5316 | D:8      | Reached skill level 11 in Unarmed Combat
  5365 | D:8      | Noticed Pikel
  5380 | D:8      | Killed Pikel
  5474 | D:8      | Found a shattered altar of Ashenzari.
  5474 | D:8      | Noticed a two-headed ogre
  5658 | D:8      | Noticed a two-headed ogre
  5667 | D:8      | Killed a two-headed ogre
  5667 | D:8      | Reached skill level 12 in Unarmed Combat
  5718 | D:8      | Noticed a two-headed ogre
  5723 | D:8      | Killed a two-headed ogre
  5723 | D:8      | Reached XP level 10. HP: 63/93 MP: 9/9
  5951 | D:8      | Killed a two-headed ogre
  5951 | D:8      | Reached ***** piety under Trog
  5951 | D:8      | Reached skill level 5 in Shields
  6229 | D:9      | Noticed a two-headed ogre
  6238 | D:9      | Killed a two-headed ogre
  6238 | D:9      | Reached skill level 5 in Fighting
  6238 | D:9      | Reached skill level 13 in Unarmed Combat
  6247 | D:9      | Gained mutation: You occasionally shout uncontrollably at your foes. [potion of mutation]
  6247 | D:9      | Gained mutation: You possess an exceptional clarity of mind. [potion of mutation]
  6247 | D:9      | Gained mutation: You are robust. (+10% HP) [potion of mutation]
  6308 | D:9      | Noticed vatarom's ghost (novice DrSu)
  6331 | D:9      | HP: 3/105 [ice beast[vatarom's ghost] (14)]
  6332 | D:9      | HP: 1/105 [vatarom's ghost (3)]
  6332 | D:9      | Slain by a quokka

Skill      XL: |  1  2  3  4  5  6  7  8  9 10 |
---------------+-------------------------------+-----
Fighting       | 3 4 5 |  5.1
Unarmed Combat | 5 6 7 8 10 12 13 | 13.3
Dodging        | 3 |  3.0
Shields        | 2 4 6 |  6.0

Action                   |  1- 3 |  4- 6 |  7- 9 | 10-12 || total
-------------------------+-------+-------+-------+-------++-------
Melee: Unarmed           |    95 |   138 |   249 |    79 ||   561
       Punch             |     1 |     1 |     2 |       ||     4
Invok: Berserk           |       |     1 |       |     1 ||     2
       Burn Spellbooks   |       |       |     1 |     1 ||     2
  Use: Scroll            |       |     7 |     4 |       ||    11
       Potion            |       |     2 |       |    12 ||    14
 Stab: Sleeping          |       |     2 |     1 |       ||     3
  Eat: Chunk             |    12 |    14 |    21 |     3 ||    50
       Bread ration      |     1 |       |       |       ||     1
Armor: Animal skin       |    42 |    36 |       |       ||    78
       Robe              |       |     2 |    67 |    26 ||    95
Dodge: Dodged            |    53 |    74 |    65 |    39 ||   231
Block: Shield            |       |       |    52 |    53 ||   105
